 Dungeon Crawl Stone Soup version 0.30.0-5-g1a98f26d00 (webtiles) character file.

Game seed: 9507890269574832312

70 Hubris850 the Shooter (level 4, -8/37 HPs)
             Began as a Minotaur Hunter on May 9, 2023.
             Mangled by a gnoll
             ... wielding a +0 halberd of protection
              (12 damage)
             ... on level 2 of the Dungeon.
             The game lasted 00:05:48 (1221 turns).

Hubris850 the Shooter (Minotaur Hunter)             Turns: 1221, Time: 00:05:49

Health: -8/37      AC:  5    Str: 15    XL:     4   Next: 4%
Magic:  0/3        EV: 13    Int:  8    God:
Gold:   88         SH:  0    Dex: 16    Spells: 3/3 levels left

rFire   . . .        a - +0 shortbow
rCold   . . .        (shield currently unavailable)
rNeg    . . .        c - +0 leather armour
rPois   +            (helmet restricted)
rElec   +            x - +0 cloak
rCorr   +            v - +0 pair of gloves of Fashionability {+Blink rElec rCorr Int+2}
SInv    .            (no boots)
Will    .....        h - amulet of guardian spirit
Stlth   +            f - ring of poison resistance
HPRegen 0.26/turn    (no ring)
MPRegen 0.08/turn

%: guardian spirit
@: no status effects
A: horns 2, retaliatory headbutt
a: Evoke Blink


You were on level 2 of the Dungeon.
You visited 1 branch of the dungeon, and saw 2 of its levels.

You collected 88 gold pieces.

Inventory:

Hand Weapons
 a - a +0 shortbow (weapon)
 p - a +2 dagger of flaming
 w - a +2 dagger of venom
Missiles
 i - 8 poisoned darts
Armour
 c - a +0 leather armour (worn)
 d - a +0 plate armour
 l - a +0 ring mail
 v - the +0 pair of gloves of Fashionability (worn) {+Blink rElec rCorr Int+2}
   (You found it on level 2 of the Dungeon)

   Int:       It affects your intelligence (+2).
   rElec:     It insulates you from electricity.
   +Blink:    It lets you blink.
   rCorr:     It protects you from acid and corrosion.
 x - a +0 cloak (worn)
Jewellery
 f - a ring of poison resistance (left hand)
 h - an amulet of guardian spirit (around neck)
 m - a ring of ice
 r - a ring of resist corrosion
Scrolls
 b - a scroll of immolation
 g - 4 scrolls of fear {unknown}
 o - 2 scrolls of magic mapping {unknown}
 q - a scroll of summoning {unknown}
 s - a scroll of noise {unknown}
 t - a scroll of enchant weapon {unknown}
Potions
 e - 3 potions of curing {unknown}
 j - a potion of ambrosia {unknown}
 k - 2 potions of might {unknown}
 n - a potion of lignification {unknown}
 u - a potion of heal wounds {unknown}
 z - a potion of haste {unknown}


   Skills:
 - Level 2.4 Fighting
 + Level 5.7 Ranged Weapons
 - Level 3.2 Dodging
 - Level 0.7 Stealth
 + Level 0.0 Evocations


You had 3 spell levels left.
You didn't know any spells.
Your spell library was empty.

Dungeon Overview and Level Annotations

Branches:
Dungeon (2/15)

Altars:

Shops:
D:1 (


Innate Abilities, Weirdness & Mutations

You have a pair of horns on your head.
You reflexively headbutt those who attack you in melee.


Message History

You are too injured to fight recklessly!
Fire: a) +0 shortbow
Press: ? - help, Q - select action, (/) - cycle Shift-Dir - straight line, f/p - gnoll
Aim: a gnoll, wielding a +0 halberd of protection (heavily wounded, 66% to hit)
You shoot an arrow. The arrow barely misses the gnoll.
The gnoll barely misses you.
Unknown command.
Fire: a) +0 shortbow
Press: ? - help, Q - select action, (/) - cycle Shift-Dir - straight line, f/p - gnoll
Aim: a gnoll, wielding a +0 halberd of protection (heavily wounded, 66% to hit)
You shoot an arrow. The arrow hits the gnoll.
The gnoll is severely wounded.
The gnoll hits you from afar with a +0 halberd of protection!
* * * LOW HITPOINT WARNING * * *
Fire: a) +0 shortbow
Press: ? - help, Q - select action, (/) - cycle Shift-Dir - straight line, f/p - gnoll
Aim: a gnoll, wielding a +0 halberd of protection (severely wounded, 66% to hit)
You shoot an arrow. The arrow closely misses the gnoll.
The gnoll barely misses you.
Fire: a) +0 shortbow
Press: ? - help, Q - select action, (/) - cycle Shift-Dir - straight line, f/p - gnoll
Aim: a gnoll, wielding a +0 halberd of protection (severely wounded, 66% to hit)
You shoot an arrow.
The arrow hits the gnoll but does no damage.
The gnoll is severely wounded.
The gnoll hits you from afar with a +0 halberd of protection.
* * * LOW HITPOINT WARNING * * *
The gnoll misses you.
Fire: a) +0 shortbow
Press: ? - help, Q - select action, (/) - cycle Shift-Dir - straight line, f/p - gnoll
Aim: a gnoll, wielding a +0 halberd of protection (severely wounded, 66% to hit)
You shoot an arrow. The arrow hits the gnoll.
The gnoll is severely wounded.
The gnoll closely misses you.
Fire: a) +0 shortbow
Press: ? - help, Q - select action, (/) - cycle Shift-Dir - straight line, f/p - gnoll
Aim: a gnoll, wielding a +0 halberd of protection (severely wounded, 66% to hit)
You shoot an arrow. The arrow closely misses the gnoll.
The gnoll hits you from afar with a +0 halberd of protection!
You die...

############
#...#......######
#...............#
#...#......####.####
##.##......#.......#
###.......>.#..P@P..#
.....###########†####
###)## +g. # #.#
##### #... # #.#
##...# +...#
#.#####..### #####
###.[.....######
.....#######...#
.##.########...#


You could see a gnoll.

Vanquished Creatures
  2 adders (D:1)
  A worm (D:2)
  A dart slug (D:1)
  10 ball pythons
  7 bats
  An endoplasm (D:1)
  4 giant cockroaches
  7 goblins
  3 hobgoblins
  2 jackals (D:2)
  A frilled lizard (D:1)
  3 kobolds
  3 rats
45 creatures vanquished.

Notes
Turn   | Place    | Note
-------+----------+-------------------------------------------
     0 | D:1      | Hubris850 the Minotaur Hunter began the quest for the Orb.
     0 | D:1      | Reached XP level 1. HP: 18/18 MP: 0/0
   110 | D:1      | Reached XP level 2. HP: 25/25 MP: 1/1
   120 | D:1      | Found Zyskori's Weapon Emporium.
   146 | D:1      | Found a faded altar of an unknown god.
   604 | D:1      | Reached skill level 5 in Ranged Weapons
   604 | D:1      | Reached XP level 3. HP: 17/30 MP: 2/2
   969 | D:2      | Identified the +0 pair of gloves of Fashionability {+Blink
                  | rElec rCorr Int+2}
   979 | D:2      | Reached XP level 4. HP: 30/37 MP: 3/3
  1221 | D:2      | Mangled by a gnoll

Illustrated notes

Levels and vault maps discovered:
D:1:      lemuel_arrival_behind_the_door_large, layout_rooms, serial_shops,
          nicolae_diamond_shop, nicolae_ecumenical_snake_handling
D:2:      wander_river, layout_rooms, hangedman_glass_teeth,
          cheibrodos_gnoll_hut

Skill      XL: |  1  2 |
---------------+-------+-----
Dodging        | 3 |  3.2
Ranged Weapons | 5 |  5.7
Fighting       | |  2.4
Stealth        | |  0.7

Action                     |  1- 3 |  4- 6 || total
---------------------------+-------+-------++-------
   Fire: Shortbow          |   123 |    15 ||   138
 Armour: Leather armour    |    12 |     2 ||    14
  Dodge: Dodged            |    43 |     9 ||    52
